 Dungeon Crawl Stone Soup version 0.26.1-2-gb8aa6d0cf2 (webtiles) character file.

Game seed: 14521584540447184225

59 McKennaii the Conjurer (level 3, -1/19 HPs)
             Began as a Deep Elf Conjurer on Feb 12, 2021.
             Shot with an arrow by a centaur (6 damage)
             ... on level 2 of the Dungeon.
             The game lasted 00:01:43 (1748 turns).

McKennaii the Conjurer (Deep Elf Conjurer)          Turns: 1748, Time: 00:01:43

Health: -1/19      AC:  4    Str:  4    XL:     3   Next: 78%
Magic:  5/10       EV: 13    Int: 23    God:
Gold:   144        SH:  0    Dex: 13    Spells: 8/9 levels left

rFire    . . .     SeeInvis .   (no weapon)
rCold    . . .     Faith    .   (no shield)
rNeg     . . .     Spirit   .   a - +0 robe
rPois    .         Reflect  .   i - +1 helmet
rElec    .         Harm     .   (no cloak)
rCorr    .         Rampage  .   (no gloves)
Will     .....                  (no boots)
Stlth    ++........             (no amulet)
HPRegen  0.06/turn              (no ring)
MPRegen  0.12/turn              (no ring)

@: no status effects
A: no striking features
a: no special abilities


You were on level 2 of the Dungeon.
You visited 1 branch of the dungeon, and saw 2 of its levels.

You collected 144 gold pieces.

Inventory:

Armour
 a - a +0 robe (worn)
 i - a +1 helmet (worn)
Jewellery
 k - a +6 ring of strength {unknown}
 p - an uncursed ring of positive energy {unknown}
Scrolls
 d - a scroll of blinking {unknown}
 f - 2 scrolls of fear {unknown}
 g - a scroll of identify {unknown}
 h - a scroll of teleportation {unknown}
 m - a scroll of noise {unknown}
 n - a scroll of immolation {unknown}
 o - a scroll of amnesia {unknown}
Potions
 b - 3 potions of curing {unknown}
 c - 2 potions of might {unknown}
 e - 2 potions of degeneration {unknown}
 j - a potion of haste {unknown}
 l - a potion of flight {unknown}
 q - a potion of heal wounds {unknown}


   Skills:
 + Level 2.5 Dodging
 + Level 2.5 Stealth
 * Level 3.8 Spellcasting
 * Level 5.5 Conjurations


You had 8 spell levels left.
You knew the following spells:

 Your Spells              Type           Power        Failure   Level
a - Magic Dart            Conj           100%         1%          1

Your spell library contained the following spells:

 Spells                   Type           Power        Failure   Level
 Searing Ray              Conj           60%          1%          2
 Dazzling Flash           Conj/Hex       34%          10%         3
 Fulminant Prism          Conj/Hex       8%           32%         4
 Iskenderun's Mystic Bla  Conj/Tloc      17%          32%         4


Dungeon Overview and Level Annotations

Branches:
Dungeon (2/15)

Altars:


Message History

The centaur is moderately wounded.
The centaur shoots an arrow.
The arrow hits you!
The magic dart hits the centaur.
The centaur is heavily wounded.
The centaur shoots an arrow.
The arrow hits you.
* * * LOW HITPOINT WARNING * * *
You are too injured to fight recklessly!
You are too injured to fight recklessly!
You are too injured to fight recklessly!
You are too injured to fight recklessly!
You are too injured to fight recklessly!
Casting: Magic Dart (safe; 1% risk of failure)
Confirm with . or Enter, or press ? or * to list all spells.
Aiming: Magic Dart (safe; 1% risk of failure)
Press: ? - help, Shift-Dir - straight line, f/p - centaur
Aim: a centaur, wielding a +0 shortbow and quivering 24 arrows (heavily wounded, 0% to evade)
The magic dart hits the centaur.
The centaur is severely wounded.
The centaur shoots an arrow.
The arrow hits you.
You die...

...#######..####.###..# #.# #.#
.....)................# #.# #.#
.<#####
[.......c.#..###.###.### #.###
####.#.#...##........ ..(.#
)............##.### #.#.#
###.###...###.##.# #.#.# #.#
##..# #.##<# #.#.# #.# #..#
#.##.# #.#.############@####..#
#.##.#
#..#..[.......##....#..###.##.#
###.#########.#####.......#...#
###.# #....>÷....###.#### ....#
########.#.#.....# #####
##.#..#.....# ##.###>#.....#
#.## ##.....†# #
##.###.#.....####


You could see a centaur.

Vanquished Creatures
  An adder (D:2)
  A worm (D:2)
  3 dart slugs
  6 bats
  2 giant cockroaches (D:2)
  9 goblins
  3 hobgoblins (D:1)
  10 kobolds
  A frilled lizard (D:2)
  5 rats
41 creatures vanquished.

Notes
Turn   | Place    | Note
-------+----------+-------------------------------------------
     0 | D:1      | McKennaii the Deep Elf Conjurer began the quest for the
                  | Orb.
     0 | D:1      | Reached XP level 1. HP: 10/10 MP: 6/6
   199 | D:1      | Reached XP level 2. HP: 15/15 MP: 5/8
   298 | D:1      | Reached skill level 5 in Conjurations
   906 | D:2      | Reached XP level 3. HP: 18/19 MP: 2/9
  1443 | D:2      | Noticed a centaur
  1748 | D:2      | Shot with an arrow by a centaur

Illustrated notes

Levels and vault maps discovered:
D:1:      dpeg_arrival_windows_large_door, layout_basic, serial_bayou_pond_d
D:2:      layout_loops_ring, minmay_misc_feat_rows

Skill      XL: |  1  2 |
---------------+-------+-----
Conjurations   | 5 |  5.5
Dodging        | |  2.5
Stealth        | |  2.5
Spellcasting   | |  3.8

Action                   || total
-------------------------++-------
 Cast: Magic Dart        ||    74
Armor: Robe              ||     3
Dodge: Dodged            ||     6
